 Dungeon Crawl Stone Soup version 0.28-b1-25-g9875b3fc8c (webtiles) character file.

Game seed: 6218857363532132192

164488 LLlMATKO the Severer (level 17, -3/160 HPs)
             Began as a Minotaur Berserker on Feb 7, 2022.
             Was a High Priest of Trog.
             Slain by the 27-headed Lernaean hydra (8 damage)
             ... on level 4 of the Swamp.
             The game lasted 00:58:49 (42869 turns).

LLlMATKO the Severer (Minotaur Berserker)          Turns: 42869, Time: 00:58:50

Health: -3/160     AC: 20    Str: 27    XL:     17   Next: 26%
Magic:  16/16      EV: 18    Int:  4    God:    Trog [*****.]
Gold:   2648       SH: 22    Dex: 22    Spells: 16/16 levels left

rFire   + + .      SeeInvis .   q - +3 hand crossbow of World's End {vorpal, Str+3}
rCold   . . .      Faith    .   T - +2 kite shield
rNeg    . . .      Spirit   .   u - +1 chain mail {rF+}
rPois   .          Reflect  +   (helmet restricted)
rElec   .          Harm     .   R - scarf {+Inv}
rCorr   .          Rampage  .   v - +2 pair of gloves
Will    +....                   i - +0 pair of boots
Stlth   ..........              L - amulet of reflection
HPRegen 0.36/turn               o - +6 ring of dexterity
MPRegen 0.15/turn               Z - ring "Hydaosen" {Fly rF+}

@: flying, slowed, very slow
A: horns 2, retaliatory headbutt
a: Renounce Religion, Evoke Invisibility, Berserk, Trog's Hand, Brothers in Arms


You were on level 4 of the Swamp.
You worshipped Trog.
Trog was extremely pleased with you.
You visited 4 branches of the dungeon, and saw 27 of its levels.
You also visited: Volcano.

You collected 2674 gold pieces.
You spent 26 gold pieces at shops.

Inventory:

Hand Weapons
 q - the +3 hand crossbow of World's End (weapon) {vorpal, Str+3}
   (You found it on level 3 of the Swamp)

   Any ammunition fired from it inflicts extra damage upon your enemies.
   Str:       It affects your strength (+3).
 w - the +6 hand axe of Coosch {vorpal, rPois Will+}
   (You found it on level 6 of the Lair of Beasts)

   It inflicts extra damage upon your enemies.
   rPois:     It protects you from poison.
   Will:      It increases your willpower.
 V - a +4 hand axe of flaming
Missiles
 f - 196 bolts (quivered ammo)
 I - 4 javelins
 J - 4 atropa-tipped darts
 K - a curare-tipped dart
Armour
 i - a +0 pair of boots (worn)
 u - a +1 chain mail of fire resistance (worn)
 v - a +2 pair of gloves (worn)
 R - a scarf of invisibility (worn)
 T - a +2 kite shield (worn)
Jewellery
 o - a +6 ring of dexterity (left hand)
 L - an amulet of reflection (around neck)
 P - a ring of protection from cold
 W - a ring of protection from fire
 Z - the ring "Hydaosen" (right hand) {Fly rF+}
   (You found it on level 3 of the Swamp)

   [ring of flight]

   rF:        It protects you from fire.
   Fly:       It grants you flight.
Wands
 g - a wand of charming (6)
 p - a wand of mindburst (7)
 x - a wand of flame (34)
 E - a wand of polymorph (19)
 G - a wand of iceblast (16)
 X - a wand of digging (2)
Scrolls
 a - 14 scrolls of teleportation
 c - 4 scrolls of enchant armour
 d - 13 scrolls of identify
 j - 4 scrolls of vulnerability
 l - 2 scrolls of holy word
 s - 6 scrolls of noise
 A - 6 scrolls of immolation
 M - 6 scrolls of fear
 S - 3 scrolls of blinking
 U - a scroll of magic mapping
Potions
 b - 7 potions of curing
 e - 4 potions of might
 k - 2 potions of heal wounds
 m - 8 potions of flight
 n - 5 potions of haste
 r - a potion of magic
 z - 7 potions of attraction
 B - a potion of cancellation
 D - 2 potions of resistance
 F - 2 potions of lignification
 O - 2 potions of invisibility


   Skills:
 + Level 16.7 Fighting
 + Level 17.1 Axes
 - Level 10.0 Crossbows
 - Level 5.0 Throwing
 + Level 16.1 Armour
 + Level 15.0 Dodging
 - Level 3.0 Stealth
 + Level 15.5 Shields


You had 16 spell levels left.
You didn't know any spells.
Your spell library was empty.

Dungeon Overview and Level Annotations

Branches:
Dungeon (15/15)            Temple (0/1) D:5            Lair (6/6) D:10
  Swamp (4/4) Lair:2       Spider (0/4) Lair:2        Slime (0/5) Lair:6
    Orc (2/2) D:10            Elf (0/3) Orc:2        Vaults (0/5) D:13
 Depths (0/4) D:15        Volcano (visited)

Altars:
Gozag
Okawaru
Beogh

Shops:
D:3 (   D:5 *   Orc:2 [(((

Portals:
Trove: D:15 (give 16 scrolls of teleportation)

Annotations:
Swamp:4 Lernaean hydra


Innate Abilities, Weirdness & Mutations

You have a pair of horns on your head.
You reflexively headbutt those who attack you in melee.


Message History

* * * LOW HITPOINT WARNING * * *
You block the 27-headed Lernaean hydra's attack.
The 27-headed Lernaean hydra misses you.
The 27-headed Lernaean hydra bites you!
* * * LOW HITPOINT WARNING * * *
The 27-headed Lernaean hydra barely misses you.
You block the 27-headed Lernaean hydra's attack.
The 27-headed Lernaean hydra bites you but does no damage.
You block the 27-headed Lernaean hydra's attack.
The 27-headed Lernaean hydra bites you but does no damage. x4
You block the 27-headed Lernaean hydra's attack.
The 27-headed Lernaean hydra bites you!
* * * LOW HITPOINT WARNING * * *
The 27-headed Lernaean hydra bites you.
* * * LOW HITPOINT WARNING * * *
The 27-headed Lernaean hydra bites you.
* * * LOW HITPOINT WARNING * * *
The 27-headed Lernaean hydra bites you but does no damage.
The 27-headed Lernaean hydra bites you.
* * * LOW HITPOINT WARNING * * *
The 27-headed Lernaean hydra bites you!
* * * LOW HITPOINT WARNING * * *
The 27-headed Lernaean hydra barely misses you.
The 27-headed Lernaean hydra bites you but does no damage. x3
You block the 27-headed Lernaean hydra's attack.
The 27-headed Lernaean hydra bites you but does no damage. x2
The 27-headed Lernaean hydra misses you.
Unknown command.
Unknown command.
Your ogre hits the 27-headed Lernaean hydra with a +0 giant club!!
You block the 27-headed Lernaean hydra's attack.
The 27-headed Lernaean hydra bites you but does no damage.
You block the 27-headed Lernaean hydra's attack.
The 27-headed Lernaean hydra bites you.
* * * LOW HITPOINT WARNING * * *
You block the 27-headed Lernaean hydra's attack.
The 27-headed Lernaean hydra misses you.
The 27-headed Lernaean hydra bites you but does no damage. x4
The 27-headed Lernaean hydra bites you!
You die...

♣♣♣♣♣♣ ♣♣♣♣♣♣≈..≈♣♣♣♣♣♣♣♣ ♣♣♣♣
♣♣...≈≈≈≈≈≈≈≈≈....≈ ♣♣♣♣♣.≈♣
♣..<.≈≈≈≈≈≈≈§≈≈≈.≈≈ ♣♣.♣♣.≈≈♣♣
♣≈.[.≈§≈§≈≈.≈≈≈≈.≈≈ ♣♣≈≈≈♣≈≈≈.♣
♣♣≈≈≈≈≈≈≈≈≈≈.≈≈≈≈≈.. ♣≈.≈≈...≈.♣
♣♣.≈@≈≈≈≈≈≈≈≈≈≈≈≈≈≈.≈
≈♣♣≈≈≈≈≈≈.♣♣♣..D♣.≈≈≈.≈≈≈≈≈≈≈≈..≈
≈≈♣.≈≈≈≈≈≈≈....O..≈≈≈.≈≈≈≈≈≈≈.≈≈≈
≈≈≈.≈≈≈≈≈≈≈≈≈≈≈≈≈.♣♣♣≈.≈≈...≈<≈≈≈
≈≈♣≈.≈≈≈≈.≈≈≈≈≈≈≈≈♣♣...≈≈≈♣.≈..≈≈
≈♣♣♣♣≈≈≈(..≈≈§≈≈≈≈♣≈≈≈....♣.≈≈..≈
♣♣ ♣♣≈§...≈≈≈≈..≈≈.≈≈≈≈≈♣♣...≈...
♣♣♣♣....≈≈≈§≈≈♣♣♣♣.≈≈≈≈...≈≈♣♣≈≈.
..♣♣♣♣♣.≈≈≈≈≈.♣ ♣.≈≈≈.....♣♣♣.≈≈


You could see the 27-headed Lernaean hydra (ally target) and a friendly ogre
(summoned, berserk).

Vanquished Creatures
  Roxanne (D:15)
  2 thorn hunters
  An orc warlord (Orc:2)
  2 very ugly things
  4 eleionomae
  4 bunyips
  Azrael (D:15)
  A green death (Swamp:4)
  Josephine (Orc:1)
  Snorg (D:11)
  A fire dragon (D:15)
  2 shambling mangroves
  A rakshasa (D:15)
  3 vault guards (D:13)
  Harold (D:7)
  A great orb of eyes (Swamp:4)
  An ice dragon (D:15)
  2 boulder beetles
  25 hydras
  4 centaur warriors
  A ghost crab (Swamp:4)
  A spriggan air mage (Swamp:2)
  3 alligators
  A two-headed ogre (D:14)
  2 tengu warriors (D:13)
  3 death yaks (Lair:6)
  Nergalle (Orc:1)
  2 spriggan berserkers (Swamp:2)
  An orc high priest (Orc:2)
  A deep elf knight (Orc:2)
  7 goliath frogs
  4 skeletal warriors (D:11)
  3 death drakes
  A lindwurm (Lair:2)
  A deep elf archer (Volcano)
  3 spectral hydras (Swamp:3)
  5 spriggan druids
  14 bog bodies
  7 swamp dragons
  A harpy (shapeshifter) (D:14)
  A necromancer (Swamp:3)
  9 ugly things
  5 goliath frog zombies (Swamp:3)
  2 orc knights (Orc:2)
  8 deep elf pyromancers
  A wolf spider (D:15)
  4 manticores
  6 orc sorcerers
  A salamander (shapeshifter) (D:15)
  5 will-o-the-wisps
  4 cyclopes
  6 elephants (Lair:6)
  2 black mambas
  A cane toad (shapeshifter) (D:13)
  2 orange demons (Swamp:4)
  20 cane toads
  A torpor snail (Lair:5)
  An unseen horror (D:12)
  4 swamp worm zombies (Swamp:3)
  3 tengu conjurers
  A komodo dragon (shapeshifter) (D:14)
  A freezing wraith (D:14)
  12 komodo dragons
  3 rime drakes
  10 yaktaurs
  3 kobold demonologists
  2 polar bears (Lair:3)
  7 trolls
  A meliai (Lair:2)
  2 bloated husks (Swamp:3)
  A wolf spider simulacrum (D:15)
  7 hornets
  2 raiju (shapeshifter)
  14 tyrant leeches
  6 slime creatures (Swamp:4)
  26 blink frogs
  2 alligator zombies (Swamp:3)
  3 spectral swamp dragons (Swamp:3)
  5 large abominations
  A meliai zombie (D:10)
  14 spriggans
  11 wraiths
  3 shadows (Swamp:4)
  54 yaks
  9 fire elementals
  8 humans (D:13)
  4 tyrant leech zombies (Swamp:3)
  6 wyverns
  5 basilisks
  A steam dragon (D:7)
  16 vampire mosquitoes
  Edmund (D:6)
  Menkaure (D:4)
  19 swamp worms
  6 hell hounds (Volcano)
  2 swamp drakes (Swamp:2)
  7 water moccasins
  20 orc warriors
  3 black bears
  8 ogres
  2 sky beasts
  A black bear (shapeshifter) (D:13)
  6 necrophages
  15 wolves
  13 centaurs
  A boggart (D:13)
  A phantom (D:5)
  2 kobold brigands (D:9)
  Blork the orc (D:4)
  15 bullfrogs
  A gnoll sergeant (D:11)
  3 scorpions
  2 troll zombies (Swamp:3)
  A wyvern skeleton (D:7)
  23 killer bees
  9 wights
  2 spriggan zombies (Swamp:3)
  A howler monkey (D:7)
  3 electric eels
  3 jellies
  7 centaur zombies
  6 hounds
  24 orc priests
  Jessica (D:2)
  Ijyb (D:3)
  5 iguanas
  23 orc wizards
  Natasha (thrice) (D:2)
  A hound zombie (D:5)
  2 howler monkey zombies (D:9)
  5 gnolls (D:11)
  5 adders
  A shadow imp (D:7)
  3 white imps
  A worm (D:3)
  2 dart slugs
  58 orcs
  5 bats
  8 endoplasms
  4 giant cockroaches
  7 goblins
  5 hobgoblins
  5 quokkas
  6 ball pythons
  2 frilled lizards (D:2)
  9 kobolds
  10 rats
828 creatures vanquished.

Vanquished Creatures (collateral kills)
  A hydra (Lair:6)
  A boulder beetle (Lair:6)
  4 orc high priests (Orc:2)
  7 ugly things (D:14)
  4 yaks (Lair:6)
  4 orc warriors (Orc:2)
  6 orc priests (Orc:2)
  4 orc wizards (Orc:2)
  3 orcs (Orc:2)
34 creatures vanquished.

Vanquished Creatures (others)
  A human (D:13)
  An orc (D:8)
  24 foxfires
  31 fungi
  178 plants
  8 withered plants
243 creatures vanquished.

Grand Total: 1105 creatures vanquished

Notes
Turn   | Place    | Note
-------+----------+-------------------------------------------
     0 | D:1      | LLlMATKO the Minotaur Berserker began the quest for the
                  | Orb.
     0 | D:1      | Reached XP level 1. HP: 19/19 MP: 0/0
   549 | D:1      | Reached XP level 2. HP: 23/27 MP: 1/1
  1244 | D:2      | Reached skill level 4 in Axes
  1419 | D:2      | Reached ** piety under Trog
  1420 | D:2      | Reached XP level 3. HP: 34/34 MP: 2/2
  1442 | D:2      | Noticed Jessica
  1453 | D:2      | Killed Jessica
  1474 | D:2      | Noticed Natasha
  1478 | D:2      | Killed Natasha
  1479 | D:2      | Reached XP level 4. HP: 11/41 MP: 3/3
  1635 | D:2      | Noticed Natasha
  1703 | D:2      | Killed Natasha
  1704 | D:2      | Reached skill level 5 in Axes
  1967 | D:2      | Noticed Natasha
  1970 | D:2      | Reached skill level 5 in Fighting
  1985 | D:2      | Killed Natasha
  1986 | D:2      | Reached XP level 5. HP: 7/48 MP: 4/4
  2397 | D:2      | Reached skill level 1 in Stealth
  2418 | D:2      | Found a faded altar of an unknown god.
  2935 | D:2      | Found a faded altar of an unknown god.
  3585 | D:2      | Found a faded altar of an unknown god.
  4318 | D:3      | Found Genig's Antique Weapon Shop.
  4399 | D:3      | Noticed Ijyb
  4417 | D:3      | Killed Ijyb
  5114 | D:4      | Noticed an ogre
  5120 | D:4      | Killed an ogre
  5121 | D:4      | Reached skill level 6 in Axes
  5121 | D:4      | Reached XP level 6. HP: 56/56 MP: 5/5
  5411 | D:4      | Noticed Menkaure
  5419 | D:4      | Killed Menkaure
  5420 | D:4      | Reached XP level 7. HP: 62/62 MP: 6/6
  5421 | D:4      | Reached skill level 7 in Axes
  5528 | D:4      | Noticed Blork the orc
  5539 | D:4      | Killed Blork the orc
  6095 | D:5      | Entered Level 5 of the Dungeon
  6166 | D:5      | Reached skill level 1 in Crossbows
  6270 | D:5      | Found Uhiudiwut's General Store.
  6309 | D:5      | Reached XP level 8. HP: 71/71 MP: 7/7
  6373 | D:5      | Reached skill level 1 in Shields
  6433 | D:5      | Bought a scroll of identify for 26 gold pieces
  6443 | D:5      | Found a staircase to the Ecumenical Temple.
  6715 | D:6      | Reached skill level 8 in Axes
  6715 | D:6      | Reached skill level 5 in Dodging
  6837 | D:6      | Reached skill level 5 in Armour
  6863 | D:6      | Noticed Edmund
  6874 | D:6      | Killed Edmund
  6886 | D:6      | Reached XP level 9. HP: 79/79 MP: 8/8
  6894 | D:6      | Reached *** piety under Trog
  7422 | D:6      | Found an iron altar of Okawaru.
  7843 | D:7      | Noticed Harold
  7854 | D:7      | Killed Harold
  8246 | D:7      | Reached skill level 9 in Axes
  8710 | D:7      | Identified the +9 whip "Grim Tooth" {antimagic, rF++ rC-
                  | Dex+4}
  8715 | D:7      | Reached skill level 5 in Shields
  8840 | D:7      | Noticed a kobold demonologist
  8848 | D:7      | Killed a kobold demonologist
  9002 | D:7      | Reached skill level 5 in Crossbows
  9002 | D:7      | Reached XP level 10. HP: 90/90 MP: 9/9
 10320 | D:8      | Reached **** piety under Trog
 10654 | D:9      | Reached skill level 10 in Axes
 11375 | D:10     | Entered Level 10 of the Dungeon
 11487 | D:10     | Reached XP level 11. HP: 33/97 MP: 10/10
 12055 | D:10     | Found a staircase to the Orcish Mines.
 12361 | D:10     | Found a staircase to the Lair.
 12806 | D:11     | Noticed a skeletal warrior
 12806 | D:11     | Noticed a skeletal warrior
 12808 | D:11     | Noticed a skeletal warrior
 12815 | D:11     | Killed a skeletal warrior
 12819 | D:11     | Killed a skeletal warrior
 12820 | D:11     | Reached skill level 10 in Fighting
 12822 | D:11     | Killed a skeletal warrior
 13111 | D:11     | Noticed a skeletal warrior
 13123 | D:11     | Killed a skeletal warrior
 13277 | D:11     | Noticed Snorg
 13288 | D:11     | Killed Snorg
 13289 | D:11     | Reached skill level 11 in Axes
 14722 | D:12     | Noticed a six-headed hydra
 14725 | D:12     | Reached XP level 12. HP: 105/108 MP: 11/11
 14935 | D:12     | Killed an 11-headed hydra
 14936 | D:12     | Reached skill level 1 in Throwing
 15438 | D:13     | Noticed a centaur warrior
 15441 | D:13     | Killed a centaur warrior
 15444 | D:13     | Noticed a tengu warrior
 15456 | D:13     | Killed a tengu warrior
 15603 | D:13     | Noticed a tengu warrior
 15604 | D:13     | Reached skill level 10 in Armour
 15616 | D:13     | Killed a tengu warrior
 16297 | D:13     | Reached skill level 12 in Axes
 16884 | D:13     | Noticed a vault guard
 16884 | D:13     | Noticed a vault guard
 16886 | D:13     | Noticed a vault guard
 16895 | D:13     | Killed a vault guard
 16900 | D:13     | Killed a vault guard
 16901 | D:13     | Reached skill level 10 in Dodging
 16907 | D:13     | Killed a vault guard
 17005 | D:13     | Found a gate to the Vaults.
 17179 | Lair:1   | Entered Level 1 of the Lair of Beasts
 17281 | Lair:1   | Reached XP level 13. HP: 116/116 MP: 12/12
 18183 | Lair:2   | Reached ***** piety under Trog
 18243 | Lair:2   | Found a hole to the Spider Nest.
 18288 | Lair:2   | Found a dark tunnel.
 18320 | Lair:2   | Reached skill level 10 in Shields
 18424 | Volcano  | Entered a volcano
 19166 | Lair:2   | You fall into a shaft and drop 2 floors!
 19508 | Lair:2   | Reached skill level 5 in Throwing
 20209 | Lair:2   | Found a staircase to the Swamp.
 20228 | Lair:2   | Reached skill level 13 in Axes
 21054 | Lair:3   | Reached skill level 10 in Crossbows
 21176 | Lair:3   | Identified the +9 mace "Wexkanky" {antimagic, rF+ Will+
                  | Dex-3} (Trog gifted it to you on level 3 of the Lair of
                  | Beasts)
 21176 | Lair:3   | Received a gift from Trog
 22093 | Lair:4   | Reached XP level 14. HP: 121/127 MP: 13/13
 23360 | Lair:5   | Found an opulent altar of Gozag.
 24224 | Lair:6   | Entered Level 6 of the Lair of Beasts
 24660 | Lair:6   | Reached skill level 14 in Axes
 25016 | Lair:6   | Received a gift from Trog
 25496 | Lair:6   | Found the ring of the Mage {Wiz Archmagi}
 25528 | Lair:6   | Identified the +0 plate armour of Pathos {*Slow Str+5
                  | Int+3}
 25529 | Lair:6   | Identified the +6 hand axe of Coosch {vorpal, rPois Will+}
 25836 | Lair:6   | Found a staircase to the Slime Pits.
 26093 | Lair:6   | Found a staircase to the Slime Pits.
 27080 | D:14     | Reached XP level 15. HP: 93/138 MP: 14/14
 28150 | D:15     | Entered Level 15 of the Dungeon
 28383 | D:15     | Found a portal to a secret trove of treasure.
 28594 | D:15     | Noticed Azrael
 28607 | D:15     | Killed Azrael
 28745 | D:15     | Identified Roxanne's Catalogue of Moulding
 28745 | D:15     | Noticed Roxanne
 28799 | D:15     | Reached skill level 15 in Axes
 29838 | D:15     | Found a staircase to the Depths.
 30001 | D:15     | Killed Roxanne
 30146 | Orc:1    | Entered Level 1 of the Orcish Mines
 30146 | Orc:1    | Noticed Nergalle
 30164 | Orc:1    | Killed Nergalle
 30302 | Orc:1    | You fall into a shaft and drop 1 floor!
 30302 | Orc:2    | Entered Level 2 of the Orcish Mines
 31126 | Orc:1    | Noticed Josephine
 31141 | Orc:1    | Killed Josephine
 31689 | Orc:2    | Found a staircase to the Elven Halls.
 31791 | Orc:2    | Noticed an orc warlord
 31816 | Orc:2    | Killed an orc warlord
 32070 | Orc:2    | Received a gift from Trog
 32166 | Orc:2    | Reached skill level 15 in Fighting
 32177 | Orc:2    | Found Rerchaorph's Antique Armour Boutique.
 32177 | Orc:2    | Found Maodgh's Antique Weapon Boutique.
 32178 | Orc:2    | Found Rareadit's Weapon Shop.
 32184 | Orc:2    | Found Xeor's Antique Weapon Shop.
 32882 | Swamp:1  | Entered Level 1 of the Swamp
 33086 | Orc:2    | Found a staircase to the Elven Halls.
 33516 | Orc:2    | Found Rareadit's Weapon Shop.
 33516 | Orc:2    | Found Xeor's Antique Weapon Shop.
 33517 | Orc:2    | Found Rerchaorph's Antique Armour Boutique.
 33522 | Orc:2    | Found Maodgh's Antique Weapon Boutique.
 33944 | Swamp:1  | Reached XP level 16. HP: 149/149 MP: 15/15
 35370 | Swamp:2  | Noticed a thorn hunter
 35379 | Swamp:2  | Killed a thorn hunter
 35497 | Swamp:2  | Received a gift from Trog
 35797 | Swamp:2  | Reached skill level 16 in Axes
 36523 | Swamp:3  | Reached skill level 15 in Armour
 37033 | Swamp:3  | Identified the ring "Hydaosen" {Fly rF+}
 39416 | Swamp:3  | Received a gift from Trog
 40092 | Swamp:3  | Identified the +3 hand crossbow of World's End {vorpal,
                  | Str+3}
 40609 | Swamp:4  | Entered Level 4 of the Swamp
 40617 | Swamp:4  | Reached skill level 15 in Shields
 41028 | Swamp:4  | Noticed a thorn hunter
 41042 | Swamp:4  | Killed a thorn hunter
 41661 | Swamp:4  | Reached XP level 17. HP: 159/159 MP: 16/16
 42154 | Swamp:4  | Reached skill level 17 in Axes
 42665 | Swamp:4  | Reached skill level 15 in Dodging
 42858 | Swamp:4  | Noticed the 27-headed Lernaean hydra
 42868 | Swamp:4  | HP: 6/160 [the 27-headed Lernaean hydra (7)]
 42869 | Swamp:4  | Slain by the 27-headed Lernaean hydra

Illustrated notes

Levels and vault maps discovered:
D:1:      wander_arrival_estate, layout_basic
D:2:      layout_basic, ebering_ecumenical_altar_box, supply_closet_lemuel,
          uniq_jessica, uniq_natasha
D:3:      layout_rooms, serial_shops, shop, uniq_ijyb
D:4:      layout_gridville, kennysheep_boxes, uniq_menkaure, uniq_blork_the_orc
D:5:      layout_cave_pools, minmay_temple_entry_glass, serial_shops,
          nicolae_shop_hallway_stairs
D:6:      layout_loops_ring, mainiacjoe_overflow_surrounded_room,
          grunt_ministairs_4, uniq_edmund
D:7:      layout_basic, uniq_harold
D:8:      layout_basic, serial_bayou_pond_b
D:9:      layout_stronghold, serial_undead, serial_undead_d, serial_undead_e,
          serial_undead_d, serial_undead_a, serial_undead_f, serial_undead_d,
          serial_undead_c, serial_undead_c
D:10:     layout_long_grid, david_lair_shrubbed, orc_0_dummy,
          minmay_misc_feat_ornament
D:11:     layout_loops_ring, uniq_snorg
D:12:     layout_cave_pods
D:13:     layout_basic, ximxim_vaults_locker_room, minmay_bent
D:14:     layout_rooms, minivault_25
D:15:     grunt_enter_depths_hoard, layout_loops_ring, enter_trove_1,
          nicolae_sextant, uniq_roxanne, uniq_azrael
Lair:1:   layout_chaotic_city, wad_woods_river_01
Lair:2:   layout_chaotic_city, palyth_hydra_swamp_entry,
          hellmonk_spider_entry_not_the_bees, nicolae_volcano_entry_vermiform
Lair:3:   layout_roguey
Lair:4:   layout_hall_layers, chequers_serial_rivers_micro_a
Lair:5:   layout_layer_cave, basic_altar
Lair:6:   minmay_lair_end_frog_pond, layout_gridlike,
          nicolae_slime_entry_slimehenge
Swamp:1:  layout_basic_swamp, evilmike_swamp_ruin_rubble_2
Swamp:2:  nicolae_swamp_secret_spriggan_hideout, layout_basic_swamp,
          infiniplex_staircase_pool_2
Swamp:3:  cheibrodos_swamp_mausoleum, layout_basic_swamp,
          nicolae_swamp_bean_lake, swamp_pool1
Swamp:4:  swamp_vile, layout_basic_swamp, swamp_pool4
Orc:1:    layout_caves, mines1_david, uniq_josephine, uniq_nergalle
Orc:2:    st_orc_mages, layout_diamond_mine, nicolae_orc_pool_cavern,
          elf_legates

Skill      XL: |  1  2  3  4  5  6  7  8  9 10 11 12 13 14 15 16 17 |
---------------+----------------------------------------------------+-----
Fighting       | 4 5 6 7 8 9 10 11 12 14 15 16 | 16.7
Axes           | 4 5 6 7 8 9 10 11 12 13 14 15 16 17 | 17.1
Dodging        | 3 4 5 6 7 9 10 11 12 13 14 15 | 15.0
Stealth        | 1 2 3 |  3.0
Armour         | 3 4 5 6 8 9 10 11 13 14 15 16 | 16.1
Crossbows      | 1 3 5 6 7 9 10 | 10.0
Shields        | 3 5 6 8 9 11 12 13 15 | 15.5
Throwing       | 3 5 |  5.0

Action                   |  1- 3 |  4- 6 |  7- 9 | 10-12 | 13-15 | 16-18 || total
-------------------------+-------+-------+-------+-------+-------+-------++-------
Melee: Hand axe          |    51 |    88 |   186 |    43 |   355 |   652 ||  1375
       Headbutt          |     5 |    15 |    44 |   137 |   196 |   214 ||   611
       Punch             |       |     1 |       |       |       |       ||     1
       War axe           |       |       |       |   505 |   335 |       ||   840
 Fire: Hand crossbow     |       |       |       |    40 |   948 |   383 ||  1371
Throw: Dart              |       |       |     4 |    26 |    14 |    15 ||    59
       Javelin           |       |       |       |       |     3 |     6 ||     9
       Throwing net      |       |       |       |       |       |     1 ||     1
Invok: Berserk           |     1 |     5 |     7 |    14 |    13 |    12 ||    52
       Trog's Hand       |       |       |     1 |       |     1 |       ||     2
       Brothers in Arms  |       |       |       |       |     8 |     1 ||     9
 Abil: Evoke Invisibilit |       |       |       |       |     1 |       ||     1
  Use: Scroll            |       |       |       |    11 |     3 |    13 ||    27
 Stab: Sleeping          |     1 |     1 |       |       |       |       ||     2
       Distracted        |       |       |       |     1 |       |       ||     1
       Invisible         |       |       |       |       |     4 |       ||     4
Armor: Animal skin       |     6 |     3 |       |       |       |       ||     9
       Chain mail        |       |    15 |    80 |   261 |   263 |   175 ||   794
Dodge: Dodged            |    34 |    38 |    73 |   252 |   315 |   200 ||   912
Block: Buckler           |       |       |    32 |   212 |       |       ||   244
       Reflection        |       |       |       |     6 |    42 |     7 ||    55
       Kite shield       |       |       |       |     3 |   898 |   510 ||  1411
